 Dungeon Sprint DCSS version 0.28.0-43-g3370ac3207 (webtiles) character file.

Game seed: 8449050306609488184

14410 boopmooplesden the Impaler (level 11, -20/111 HPs)
             Began as a Minotaur Berserker on Mar 2, 2022.
             Was the Champion of Trog.
             Killed from afar by an oklob plant (31 damage)
             ... with a splash of acid
             ... in the Dungeon (Sprint IV: "Fedhas' Mad Dash").
             The game lasted 00:09:47 (3074 turns).

boopmooplesden the Impaler (Minotaur Berserker)     Turns: 3074, Time: 00:09:48

Health: -20/111    AC:  5    Str: 25    XL:     11   Next: 88%
Magic:  10/10      EV: 10    Int:  8    God:    Trog [******]
Gold:   24         SH:  0    Dex: 11    Spells: 10/10 levels left

rFire   + . .      SeeInvis +   b - +10 trident of Zalaxkor {freeze, *Noise Fly rElec rC++}
rCold   + + .      Faith    .   (no shield)
rNeg    . . .      Spirit   .   k - +3 plate armour of the Stars {Regen+}
rPois   +          Reflect  .   (helmet restricted)
rElec   +          Harm     .   n - +0 cloak
rCorr   .          Rampage  .   (no gloves)
Will    .....      NoTele   +   (no boots)
Stlth   ..........              h - amulet of invisibility {+Inv}
HPRegen 1.08/turn               t - ring of Jawn {rPois rF+ Int+4 SInv}
MPRegen 0.12/turn               (no ring)

@: corroded, on berserk cooldown, flying, very slightly contaminated, slowed,
very slow
A: horns 2, retaliatory headbutt
a: Renounce Religion, Evoke Invisibility, Berserk, Trog's Hand, Brothers in Arms


You were in the Dungeon.
You worshipped Trog.
Trog was exalted by your worship.
You visited 1 branch You collected 440 gold pieces.
You spent 416 gold pieces at shops.

Inventory:

Hand Weapons
 a - the +8 storm bow {elec, penet}
   (You took it off a spriggan in the Dungeon)

   Any ammunition fired from it occasionally discharges a powerful burst of
   electricity upon striking a foe.
   Any ammunition fired by it passes through the targets it hits, potentially
   hitting all targets in its path until it reaches maximum range.
 b - the +10 trident of Zalaxkor (weapon) {freeze, *Noise Fly rElec rC++}
   (You found it in the Dungeon)

   It freezes those it strikes, dealing additional cold damage.
   It can also slow down cold-blooded creatures.
   rC:        It greatly protects you from cold.
   rElec:     It insulates you from electricity.
   Fly:       It grants you flight.
   *Noise:    It may make noises in combat.
 c - a +0 hand axe
 j - a +3 antimagic demon trident
 q - a +2 lajatang of electrocution
Missiles
 r - 21 arrows
Armour
 k - the +3 plate armour of the Stars (worn) {Regen+}
   (You found it in the Dungeon)

   Regen:     It increases your rate of health regeneration.
 l - a +0 animal skin
 n - a +0 cloak (worn)
Jewellery
 h - the amulet of invisibility (around neck) {+Inv}
   (You found it in the Dungeon)

   [amulet of nothing]

   +Inv:      It lets you turn invisible.
 t - the ring of Jawn (left hand) {rPois rF+ Int+4 SInv}
   (You bought it in a shop in the Dungeon)

   [ring of see invisible]

   Int:       It affects your intelligence (+4).
   rF:        It protects you from fire.
   rPois:     It protects you from poison.
   SInv:      It lets you see invisible.
Scrolls
 m - a scroll of summoning
 s - a scroll of identify
Potions
 e - a potion of haste
 f - 2 potions of magic
 g - a potion of berserk rage
 i - a potion of brilliance {unknown}
 o - a potion of mutation {unknown}
Miscellaneous
 p - a phial of floods


   Skills:
 + Level 14.8 Fighting
 + Level 14.8(17.5) Axes
 + Level 15.3(17.7) Polearms
 + Level 14.1 Armour
 + Level 7.6 Dodging
 + Level 11.5 Stealth
 + Level 11.5 Evocations


You had 10 spell levels left.
You didn't know any spells.
Your spell library was empty.

Dungeon Overview and Level Annotations

Branches:
Dungeon (1/1)

Altars:
Cheibriados
Dithmenos
Elyvilon
Gozag
Hepliaklqana
Kikubaaqudgha
Makhleb
Nemelex Xobeh
Okawaru
Qazlal
Ru
Sif Muna
Trog
Uskayaw
Vehumet
Wu Jian
Xom
Yredelemnul
Zin
The Shining One
Beogh
Jiyva
Lugonu

Shops:
D ((*==!?(*=(=[?(:****(

Annotations:
D exclusion: 5 oklob plants


Innate Abilities, Weirdness & Mutations

You have a pair of horns on your head.
You reflexively headbutt those who attack you in melee.


Message History

You puncture the oklob plant! You freeze the oklob plant.
The oklob plant is moderately damaged.
The oklob plant spits acid at you. The splash of acid hits you!
You catch the helpless oklob plant completely off-guard!
You impale the oklob plant!! You freeze the oklob plant.
You headbutt the oklob plant, but do no damage.
The oklob plant is severely damaged.
You flicker for a moment.
You strike the helpless oklob plant from behind!
You hit the oklob plant. You freeze the oklob plant.
The oklob plant is severely damaged.
You strike the helpless oklob plant from behind!
You puncture the oklob plant! You freeze the oklob plant!
You destroy the oklob plant!
Trog accepts your kill. The oklob plant spits acid at you.
The splash of acid hits you!
You flicker back into view.
The oklob plant spits acid at you. The splash of acid hits you!
The acid corrodes you! The oklob plant spits acid at you.
The splash of acid hits you!
* * * LOW HITPOINT WARNING * * *
The acid corrodes you!
Okay, then.
You feel much better. The oklob plant spits acid at you.
The splash of acid hits you!!
* * * LOW HITPOINT WARNING * * *
The acid corrodes you! The oklob plant spits acid at you.
The splash of acid hits you!
* * * LOW HITPOINT WARNING * * *
The oklob plant spits acid at you. The splash of acid hits you!
* * * LOW HITPOINT WARNING * * *
The oklob plant spits acid at you. The splash of acid hits you!!
You die...

.....P..........♣.....∩.∩...[#
.........#####################
########## ####### #
###..#####..P∩∩# #
#....'.........# #
#....#####P....+ ##)...#
##################
##.....#####∩∩∩#........P.P.#
..)....'....∩.∩'@...........+
.......#####∩∩∩#.......P.P.P#
######## ##################


You could see an oklob plant.

Vanquished Creatures
  Agnes (D)
  A ghost moth (D)
  A spriggan defender (D)
  A spriggan berserker (D)
  A spriggan druid (D)
  16 oklob plants (D)
  3 demonic crawlers (D)
  3 burning bushes (D)
  A queen bee (D)
  6 hornets (D)
  3 wandering mushrooms (D)
  3 scorpions (D)
  4 killer bees (D)
  5 oklob saplings (D)
  8 spriggans (D)
  A river rat (D)
  A rat (D)
59 creatures vanquished.

Vanquished Creatures (others)
  2 ballistomycete spores (D)
  A bush (D)
3 creatures vanquished.

Grand Total: 62 creatures vanquished

Notes
Turn   | Place    | Note
-------+----------+-------------------------------------------
     0 | D        | boopmooplesden the Minotaur Berserker began the quest for
                  | the Orb.
     0 | D        | Reached XP level 1. HP: 19/19 MP: 0/0
    11 | D        | Reached XP level 2. HP: 12/28 MP: 1/1
   188 | D        | Noticed a scorpion
   188 | D        | Found the amulet of invisibility {+Inv}
   191 | D        | Killed a scorpion
   191 | D        | Reached ** piety under Trog
   192 | D        | Reached XP level 3. HP: 39/39 MP: 2/2
   192 | D        | Reached XP level 4. HP: 47/47 MP: 3/3
   554 | D        | Found an opulent altar of Gozag.
   554 | D        | Found a hazy altar of Hepliaklqana.
   554 | D        | Found a snail-covered altar of Cheibriados.
   559 | D        | Found a viscous altar of Jiyva.
   559 | D        | Found a burning altar of Makhleb.
   559 | D        | Found a sparkling altar of Nemelex Xobeh.
   559 | D        | Found a sacrificial altar of Ru.
   559 | D        | Found a shimmering blue altar of Sif Muna.
   559 | D        | Found a bloodstained altar of Trog.
   559 | D        | Found an ornate altar of the Wu Jian Council.
   559 | D        | Found a shimmering altar of Xom.
   559 | D        | Found a basalt altar of Yredelemnul.
   560 | D        | Found an iron altar of Okawaru.
   560 | D        | Found a shadowy altar of Dithmenos.
   560 | D        | Found a glowing silver altar of Zin.
   561 | D        | Found an ancient bone altar of Kikubaaqudgha.
   561 | D        | Found a hide-covered altar of Uskayaw.
   562 | D        | Found a stormy altar of Qazlal.
   562 | D        | Found a white marble altar of Elyvilon.
   562 | D        | Found a glowing golden altar of the Shining One.
   563 | D        | Found a corrupted altar of Lugonu.
   563 | D        | Found a radiant altar of Vehumet.
   570 | D        | Reached skill level 1 in Evocations
   570 | D        | Reached XP level 5. HP: 56/56 MP: 1/4
   619 | D        | Reached *** piety under Trog
   620 | D        | Reached skill level 1 in Stealth
   793 | D        | Reached XP level 6. HP: 64/64 MP: 2/5
   805 | D        | Found Bopsoxt's Antique Weapon Shop.
   805 | D        | Found Kienn's Magic Scroll Emporium.
   814 | D        | Noticed a burning bush
   814 | D        | Noticed a wandering mushroom
   816 | D        | Noticed a wandering mushroom
   828 | D        | Reached **** piety under Trog
   829 | D        | Reached skill level 10 in Axes
   836 | D        | Reached skill level 10 in Fighting
  1073 | D        | Killed a wandering mushroom
  1074 | D        | Reached skill level 5 in Dodging
  1074 | D        | Reached XP level 7. HP: 50/72 MP: 6/6
  1190 | D        | Killed a burning bush
  1191 | D        | Reached skill level 5 in Stealth
  1191 | D        | Reached skill level 5 in Evocations
  1346 | D        | Found Rounn's General Store.
  1346 | D        | Found Wasidis's General Store.
  1349 | D        | Identified the +3 plate armour of the Stars {Regen+}
  1406 | D        | Noticed a queen bee
  1418 | D        | Reached ***** piety under Trog
  1419 | D        | Killed a queen bee
  1420 | D        | Reached XP level 8. HP: 81/81 MP: 5/7
  1425 | D        | Noticed a burning bush
  1446 | D        | Killed a burning bush
  1447 | D        | Reached skill level 5 in Armour
  1478 | D        | Noticed an oklob plant
  1492 | D        | Killed an oklob plant
  1494 | D        | Identified the +10 trident of Zalaxkor {freeze, *Noise Fly
                  | rElec rC++}
  1631 | D        | Noticed a burning bush
  1631 | D        | Noticed an oklob plant
  1632 | D        | Noticed a wandering mushroom
  1637 | D        | Killed a burning bush
  1638 | D        | Reached XP level 9. HP: 74/89 MP: 5/8
  1648 | D        | Reached skill level 1 in Polearms
  1680 | D        | Killed an oklob plant
  1681 | D        | Reached skill level 2 in Polearms
  1825 | D        | Noticed a spriggan druid
  1831 | D        | Killed a spriggan druid
  1831 | D        | Reached ****** piety under Trog
  1832 | D        | Reached skill level 4 in Polearms
  1966 | D        | Noticed an oklob plant conjurer
  1969 | D        | Killed an oklob plant conjurer
  2020 | D        | Noticed an oklob plant
  2020 | D        | Noticed an oklob plant summoner
  2021 | D        | Noticed an oklob plant shifter
  2028 | D        | Killed an oklob plant
  2029 | D        | Reached skill level 5 in Polearms
  2032 | D        | Killed an oklob plant summoner
  2033 | D        | Reached skill level 6 in Polearms
  2033 | D        | Reached XP level 10. HP: 97/97 MP: 7/9
  2035 | D        | Killed an oklob plant shifter
  2035 | D        | Received a gift from Trog
  2036 | D        | Reached skill level 10 in Stealth
  2062 | D        | Reached skill level 7 in Polearms
  2064 | D        | Noticed a spriggan rider
  2076 | D        | Reached skill level 8 in Polearms
  2076 | D        | Found Waxkaas's Assorted Antiques.
  2086 | D        | Found Kohemeiv's Antique Weapon Shoppe.
  2180 | D        | Noticed Agnes
  2188 | D        | Killed Agnes
  2188 | D        | Received a gift from Trog
  2189 | D        | Reached skill level 10 in Polearms
  2189 | D        | Reached skill level 10 in Evocations
  2189 | D        | Found Duso's Book Emporium.
  2189 | D        | Noticed a spriggan berserker
  2201 | D        | Killed a spriggan berserker
  2376 | D        | Found Jeyrhem's Assorted Antiques.
  2379 | D        | Noticed a spriggan defender
  2392 | D        | Killed a spriggan defender
  2393 | D        | Reached skill level 11 in Polearms
  2393 | D        | Reached skill level 10 in Armour
  2444 | D        | Noticed a spriggan rider
  2485 | D        | Reached XP level 11. HP: 92/107 MP: 10/10
  2486 | D        | Reached skill level 12 in Polearms
  2520 | D        | Found Nuitsuj's Weapon Shoppe.
  2520 | D        | Found Upasubaa's Antique Weapon Boutique.
  2520 | D        | Found Opah's General Store.
  2529 | D        | Killed a ghost moth
  2529 | D        | Received a gift from Trog
  2530 | D        | Reached skill level 13 in Polearms
  2592 | D        | Noticed an oklob plant meteorologist
  2593 | D        | Noticed an oklob plant shifter
  2604 | D        | Killed an oklob plant meteorologist
  2615 | D        | Killed an oklob plant shifter
  2640 | D        | Noticed a spriggan rider
  2653 | D        | Received a gift from Trog
  2654 | D        | Reached skill level 14 in Polearms
  2658 | D        | Killed a spriggan rider
  2904 | D        | Noticed an oklob plant summoner
  2905 | D        | Found Vucaosk's Jewellery Emporium.
  2906 | D        | Found Virchuuni's Antique Armour Shop.
  2913 | D        | Killed an oklob plant summoner
  2935 | D        | Found Reizuec's Jewellery Shoppe.
  2935 | D        | Found Culupp's Distillery.
  2935 | D        | Found Untenue's Jewellery Shop.
  2935 | D        | Found Gios's Weapon Emporium.
  2935 | D        | Found Paich's Magic Scroll Shoppe.
  2938 | D        | Found Jeperph's Jewellery Emporium.
  2938 | D        | Found Sunn's Antique Weapon Shop.
  2938 | D        | Found Fyxitt's General Store.
  2954 | D        | Bought the ring of Jawn {rPois rF+ Int+4 SInv} for 416 gold
                  | pieces
  2961 | D        | Noticed an oklob plant
  2961 | D        | Noticed an oklob plant
  2961 | D        | Noticed an oklob plant
  2961 | D        | Noticed an oklob plant
  2961 | D        | Noticed an oklob plant
  2961 | D        | Noticed an oklob plant
  2963 | D        | Noticed an oklob plant
  2966 | D        | Killed an oklob plant
  2967 | D        | Noticed an oklob plant
  2969 | D        | Killed an oklob plant
  2969 | D        | Identified the +7 broad axe of Dawn {vorpal, rF+ Will+
                  | Int-3} (Trog gifted it to you in the Dungeon)
  2969 | D        | Received a gift from Trog
  2970 | D        | Noticed an oklob plant
  2971 | D        | Noticed an oklob plant
  3047 | D        | Killed an oklob plant
  3048 | D        | Noticed an oklob plant
  3051 | D        | Killed an oklob plant
  3052 | D        | Reached skill level 15 in Polearms
  3055 | D        | Killed an oklob plant
  3056 | D        | Noticed an oklob plant
  3061 | D        | Killed an oklob plant
  3067 | D        | Killed an oklob plant
  3074 | D        | Killed from afar by an oklob plant

Illustrated notes

Levels and vault maps discovered:
D:        dungeon_sprint_fedhas [sprint_temple]

Skill      XL: |  1  2  3  4  5  6  7  8  9 10 11 |
---------------+----------------------------------+-----
Fighting       | 4 7 8 9 10 11 12 13 14 | 14.8
Axes           | 4 6 8 9 11 12 13 14 | 14.8
Armour         | 3 4 5 7 10 14 | 14.1
Dodging        | 3 4 5 6 7 |  7.6
Evocations     | 1 3 4 6 7 9 10 11 | 11.5
Stealth        | 2 4 6 8 9 10 11 | 11.5
Polearms       | 6 11 15 | 15.3

Action                   |  1- 3 |  4- 6 |  7- 9 | 10-12 || total
-------------------------+-------+-------+-------+-------++-------
Melee: Hand axe          |     7 |    40 |    51 |       ||    98
       Headbutt          |     1 |    12 |    30 |    24 ||    67
       Trident           |       |       |    29 |   113 ||   142
       Punch             |       |       |       |     3 ||     3
Invok: Berserk           |     1 |     3 |     3 |     6 ||    13
 Abil: Evoke Invisibilit |       |     5 |     7 |     5 ||    17
  Use: Scroll            |     1 |       |     2 |       ||     3
       Potion            |       |       |       |     2 ||     2
 Stab: Invisible         |       |     6 |     7 |    10 ||    23
       Sleeping          |       |     1 |       |       ||     1
       Distracted        |       |       |     1 |       ||     1
Armor: Animal skin       |       |     1 |       |       ||     1
       Plate armour      |       |       |    14 |    37 ||    51
Dodge: Dodged            |     5 |    10 |    17 |    26 ||    58
